Map: King Sejong Station LE

Players

Nickos

  • Race: Terran Terran
  • League: Gold

SNNNNot - Winner!

  • Race: Protoss Protoss
  • League: Gold

VOD

Have the link to the VOD?

Description

Time

  • Played on: Oct. 2, 2016, 10:35 p.m.
  • Length: 17:56
Show
View Real Time Build Order
Export as new Build Order

Nickos Terran 

Build Orders: MMM Bio 

Get SALT Encoding   

  12  0:01  SCV  
  13  0:13  SCV  
  14  0:17  Supply Depot  
  14  0:25  SCV  
  15  0:39  SCV  
  15  0:40  Barracks  
  16  0:51  SCV  
  17  1:03  SCV  
  18  1:15  SCV  
  19  1:19  Command Center  
  19  1:29  Orbital Command  
  19  1:32  Marine  
  20  1:48  Supply Depot  
  20  1:50  Marine  
  21  1:56  SCV  
  22  2:01  Barracks  
  22  2:08  SCV  
  23  2:09  Marine  
  24  2:21  SCV  
  25  2:25  Refinery  
  25  2:26  Refinery  
  25  2:31  Marine  
  25  2:32  Orbital Command, Barracks  
  26  2:39  SCV  
  27  2:51  SCV  
  27  2:54  Marine  
  27  2:55  Orbital Command, Marine  
  30  3:04  SCV  
  31  3:07  Engineering Bay  
  31  3:12  Marine x2  
  32  3:16  SCV  
  34  3:30  Marine x2  
  36  3:34  Missile Turret  
  36  3:35  Barracks Tech Lab  
  35  3:46  Orbital Command  
  28  3:57  Terran Infantry Weapons Level 1  
  28  4:01  Barracks Reactor  
  28  4:02  Factory  
  28  4:03  Stimpack  
  28  4:07  SCV  
  28  4:17  Barracks Reactor, SCV  
  29  4:19  SCV  
  29  4:24  Missile Turret  
  30  4:26  Marauder  
  30  4:29  SCV  
  30  4:31  SCV  
  34  4:38  Marine x2  
  36  4:41  SCV  
  36  4:43  SCV  
  38  4:49  Supply Depot  
  38  4:55  Starport  
  38  4:57  Marine x3  
  38  4:58  Factory Reactor  
  38  4:59  Marine  
  42  5:00  Marine  
  43  5:14  SCV x2  
  45  5:22  Engineering Bay  
  45  5:24  Barracks  
  45  5:26  Supply Depot, SCV x2  
  47  5:29  Missile Turret  
  47  5:32  Marine  
  48  5:38  SCV x2  
  48  5:41  Marine x2  
  52  5:49  Medivac  
  54  5:50  Supply Depot, SCV x2  
  54  5:52  Medivac  
  57  6:03  Missile Turret  
  56  6:06  Liberator, Combat Shields  
  56  6:07  Marine x3  
  56  6:08  Marine  
  57  6:18  Marine  
  58  6:25  Marine  
  62  6:26  Marine x2  
  62  6:27  Marine  
  62  6:30  SCV  
  62  6:31  SCV  
  67  6:35  Marine  
  68  6:45  Marine x2  
  68  6:57  Marine x2  
  70  7:03  Barracks x2  
  70  7:06  Terran Infantry Armor Level 1  
  70  7:09  Barracks Tech Lab  
  70  7:19  Medivac, SCV x2, Armory, Marine x2  
  76  7:34  Marine x3  
  76  7:35  Medivac, Marine  
  78  7:44  Missile Turret, Marine x2  
  78  7:51  Medivac, Missile Turret  
  82  7:52  Marine  
  82  7:53  Barracks Tech Lab, Marauder  
  82  7:57  Barracks Reactor  
  85  7:59  SCV  
  85  8:05  SCV  
  87  8:16  Marine x2  
  87  8:17  Marine x2  
  87  8:18  Marauder  
  93  8:22  Supply Depot  
  93  8:25  SCV  
  93  8:26  Supply Depot  
  94  8:43  Marine x6  
  94  8:44  Marauder  
  94  8:47  Supply Depot, Marine  
  94  8:48  Marauder  
  105  8:49  Supply Depot  
  105  9:06  Marauder  
  96  9:14  Marine  
  96  9:15  Marine x4  
  96  9:16  Marauder x2  
  77  9:18  Marine  
  77  9:20  Medivac  
  77  9:22  SCV  
  77  9:23  SCV  
  78  9:27  Marine  
  78  9:29  Terran Infantry Weapons Level 2  
  79  9:32  Marine  
  79  9:34  Marine  
  79  9:35  Marine x2, SCV  
  79  9:36  Marine  
  79  9:38  Marauder x2  
  89  9:45  Marauder  
  91  9:48  Marine  
  91  9:50  Marine  
  91  9:52  Marine x2  
  93  9:53  Marine  
  93  9:56  Medivac  
  93  9:59  Marauder  
  100  10:01  Marine x2  
  100  10:06  Marine  
  103  10:12  Marine x4  
  103  10:13  Marine  
  108  10:17  Command Center  
  108  10:19  Marine x2  
  108  10:20  Marine  
  111  10:24  Marine  
  111  10:28  Missile Turret  
  111  10:30  Marine x2  
  111  10:31  Marine x3  
  113  10:37  Marauder  
  113  10:41  Missile Turret  
  115  10:45  Marine x2  
  115  10:46  Marauder  
  119  10:54  Missile Turret, Concussive Shells  
  119  10:55  Marine x2  
  119  10:56  Marine  
  122  10:58  Marauder  
  122  11:02  Marine x2  
  122  11:03  Marine  
  122  11:04  Marauder  
  129  11:08  Marauder  
  131  11:13  Marine x3  
  134  11:28  Marine x3  
  134  11:29  Marauder, SCV x2  
  141  11:39  Marine x4  
  144  11:41  Medivac x2  
  149  12:45  SCV, Marine  
  149  12:51  Marine x2  
  149  12:52  Medivac  
  149  12:53  Medivac  
  149  12:54  SCV, Marine x3  
  149  12:55  Marine x3  
  144  13:02  Marine  
  107  13:09  Marine x2  
  107  13:12  Marine x3  
  70  13:13  Marine x3  
  71  13:20  Marine  
  71  13:27  Marine x2  
  71  13:29  Marine  
  71  13:30  Marine x2  
  71  13:31  Marine x3  
  79  13:39  Marauder  
  81  13:45  Marine x2  
  83  13:49  Marauder  
  80  13:58  Marine  
  80  13:59  Marine  
  80  14:00  Marauder  
  73  14:02  Marine  
  73  14:05  Marine  
  55  14:10  Marine  
  55  14:21  Marine  
  26  14:52  Command Center  
Show
View Real Time Build Order
Export as new Build Order

SNNNNot Protoss - Winner!

Build Orders: Oracle Opening, Phoenix Opening 

Get SALT Encoding   

  12  0:01  Probe (Chrono Boost)  
  13  0:11  Probe (Chrono Boost)  
  14  0:17  Pylon  
  14  0:22  Probe (Chrono Boost)  
  16  0:35  Probe (Chrono Boost)  
  16  0:38  Gateway  
  16  0:46  Probe (Chrono Boost)  
  17  0:52  Assimilator  
  17  0:55  Assimilator  
  17  0:57  Probe (Chrono Boost)  
  18  1:03  Pylon  
  18  1:07  Probe (Chrono Boost)  
  19  1:18  Probe (Chrono Boost)  
  20  1:26  Cybernetics Core  
  20  1:28  Probe (Chrono Boost)  
  21  1:35  Pylon  
  21  1:39  Probe (Chrono Boost)  
  22  1:49  Probe (Chrono Boost)  
  23  1:59  Adept  
  23  2:00  Warp Gate  
  23  2:01  Probe (Chrono Boost)  
  24  2:07  Stargate  
  28  2:24  Mothership Core (Chrono Boost)  
  28  2:44  Nexus  
  28  2:48  Pylon  
  29  2:51  Probe (Chrono Boost)  
  29  2:54  Oracle  
  32  3:08  Probe (Chrono Boost)  
  34  3:20  Probe (Chrono Boost)  
  34  3:32  Probe (Chrono Boost)  
  35  3:34  Forge  
  35  3:37  Phoenix  
  37  3:44  Probe (Chrono Boost)  
  36  3:57  Probe x2 (Chrono Boost)  
  36  3:59  Phoenix  
  39  4:08  Probe (Chrono Boost)  
  39  4:09  Probe (Chrono Boost)  
  41  4:14  Photon Cannon  
  41  4:15  Pylon  
  41  4:18  Probe (Chrono Boost)  
  41  4:21  Probe (Chrono Boost)  
  43  4:25  Phoenix  
  43  4:29  Probe (Chrono Boost)  
  46  4:33  Probe (Chrono Boost)  
  47  4:39  Probe (Chrono Boost)  
  47  4:40  Photon Cannon  
  47  4:42  Assimilator  
  47  4:45  Probe (Chrono Boost), Assimilator  
  49  4:47  Pylon  
  49  4:48  Protoss Ground Weapons Level 1  
  49  4:50  Probe (Chrono Boost)  
  50  4:54  Phoenix  
  50  4:57  Probe (Chrono Boost)  
  53  5:00  Probe (Chrono Boost)  
  54  5:09  Probe (Chrono Boost)  
  54  5:10  Twilight Council  
  54  5:11  Probe (Chrono Boost)  
  56  5:21  Probe x2 (Chrono Boost), Phoenix  
  57  5:25  Gateway  
  60  5:33  Gateway  
  60  5:36  Pylon  
  60  5:52  Gateway  
  60  5:55  Pylon  
  60  6:18  Resonating Glaives  
  60  6:24  Templar Archives  
  60  6:26  Gateway  
  60  6:27  Gateway  
  60  6:29  Gateway  
  60  6:40  Nexus  
  60  6:42  Pylon  
  60  6:50  Protoss Ground Weapons Level 2  
  60  6:55  Psionic Storm  
  60  6:57  Probe x2 (Chrono Boost)  
  62  7:04  High Templar x3  
  68  7:12  Gateway  
  68  7:13  Gateway  
  68  7:15  Photon Cannon  
  68  7:20  Pylon  
  68  7:21  Probe x2 (Chrono Boost)  
  70  7:24  Adept, Pylon  
  70  7:27  Pylon  
  70  7:29  Assimilator  
  72  7:33  Probe (Chrono Boost)  
  72  7:34  Assimilator  
  73  7:37  Adept  
  73  7:38  Adept x2  
  79  7:51  Robotics Facility  
  79  7:54  Pylon  
  79  7:56  Pylon  
  82  7:58  Probe (Chrono Boost)  
  82  8:00  Probe x2 (Chrono Boost), Adept x4  
  90  8:09  Probe (Chrono Boost)  
  90  8:12  Probe x2 (Chrono Boost)  
  93  8:19  Pylon  
  93  8:23  Adept x4  
  93  8:24  Adept x3  
  109  8:28  Probe x2 (Chrono Boost)  
  107  8:40  Adept  
  107  8:41  Adept  
  111  8:52  Protoss Ground Armor Level 1  
  107  9:13  Adept x6  
  107  9:14  Adept x3  
  115  9:22  Probe (Chrono Boost)  
  115  9:23  Probe x2 (Chrono Boost)  
  116  9:27  Gateway, Blink  
  116  9:28  Gateway  
  116  9:29  Gateway  
  116  9:48  Observer  
  116  9:49  Gateway x2  
  117  10:02  High Templar x6  
  117  10:03  High Templar x2  
  133  10:09  Observer  
  134  10:27  Nexus  
  134  10:29  Pylon  
  134  10:31  Pylon, Immortal  
  138  10:39  Pylon  
  138  10:41  Stalker x5  
  138  10:42  Stalker x4  
  156  10:46  Assimilator  
  156  10:50  Assimilator  
  156  10:52  Photon Cannon  
  156  11:01  Pylon  
  156  11:10  Immortal  
  160  11:19  Adept x7  
  160  11:20  Adept x3  
  180  11:42  Adept x7  
  194  12:29  Observer  
  195  12:35  Gateway  
  195  12:36  Gateway  
  154  13:15  Stalker x6  
  154  13:16  Stalker x7  
  154  13:17  Stalker  
  182  13:23  Probe x2 (Chrono Boost)  
  182  13:24  Probe x2 (Chrono Boost)  
  186  13:33  Probe (Chrono Boost)  
  187  13:36  Probe x2 (Chrono Boost)  
  187  13:40  Nexus  
  189  13:42  Pylon  
  189  13:43  Assimilator  
  189  13:46  Assimilator  
  189  13:48  Pylon x2  
  187  14:00  Pylon  
  141  14:27  Stalker  
  141  14:28  Stalker x7  
  141  14:29  Stalker x6  
  167  14:43  Photon Cannon  
  167  14:49  Stargate  
  167  14:50  Stargate  
  167  14:51  Photon Cannon  
  167  14:52  Stargate  
  167  14:53  Photon Cannon  
  167  14:54  Photon Cannon  
  167  15:13  Nexus  
  167  15:16  Pylon  
  167  15:19  Pylon  
  165  15:22  Assimilator  
  165  15:26  Assimilator  
  165  15:31  Photon Cannon  
  165  15:33  Photon Cannon  
  165  15:36  Photon Cannon  
  165  15:43  Photon Cannon  
  165  15:46  Photon Cannon  
  153  15:58  Void Ray x2  
  153  15:59  Void Ray  
  157  16:05  Probe x2 (Chrono Boost)  
  157  16:06  Probe x2 (Chrono Boost)  
  161  16:15  Probe (Chrono Boost)  
  155  16:18  Probe (Chrono Boost)  
  143  16:40  Probe (Chrono Boost)  
  143  16:41  Void Ray x3  
  143  16:42  Probe x2 (Chrono Boost)  
  143  16:46  Nexus  
  158  16:49  Assimilator  
  158  16:51  Nexus  
  158  16:53  Assimilator  
  158  16:54  Assimilator  
  158  16:57  Pylon  
  158  16:59  Assimilator  
  158  17:00  Photon Cannon, Pylon  
  154  17:01  Pylon  
  154  17:02  Photon Cannon  
  154  17:03  Nexus  
  154  17:06  Photon Cannon  
  150  17:18  Robotics Bay  
  150  17:24  Photon Cannon  
  150  17:29  Photon Cannon  
  154  17:47  Nexus  
Tags
 
Add a new tag
Caveats
  • Supply blocks, unpowered buildings, or Contaminate may cause inaccurate times.
  • Supply counts are checked every 10 seconds.